Map: Solaris LE

Players

cyan

  • Race: Protoss Protoss
  • League: Grandmaster
  • Spawn Location: 1:00

Bunny - Winner!

  • Race: Terran Terran
  • Spawn Location: 7:00

Event: IEM Katowice 2024

VOD

Have the link to the VOD?

Description

Time

  • Played on: Dec. 6, 2023, 4:26 a.m.
  • Length: 9:06

All games in this series

Show
View Real Time Build Order
Export as new Build Order

cyan Protoss 

Build Orders: 1 Gate Expand 

Get SALT Encoding   

  12  0:00  Probe  
  13  0:12  Probe  
  14  0:17  Pylon  
  14  0:24  Probe (Chrono Boost)  
  15  0:36  Probe (Chrono Boost)  
  15  0:38  Gateway  
  16  0:44  Probe (Chrono Boost)  
  16  0:46  Assimilator  
  17  0:51  Probe  
  18  1:03  Probe  
  19  1:15  Probe  
  20  1:22  Nexus  
  20  1:32  Cybernetics Core  
  20  1:35  Probe  
  21  1:40  Assimilator  
  22  1:47  Probe  
  22  1:51  Pylon  
  22  1:59  Probe (Chrono Boost)  
  23  2:09  Sentry  
  23  2:10  Warp Gate  
  23  2:11  Probe (Chrono Boost)  
  26  2:16  Probe (Chrono Boost)  
  27  2:26  Probe  
  27  2:32  Robotics Facility  
  27  2:34  Adept  
  29  2:39  Probe  
  29  2:41  Probe  
  32  2:53  Probe x2 (Chrono Boost)  
  33  3:01  Gateway  
  33  3:05  Probe (Chrono Boost)  
  35  3:07  Probe (Chrono Boost)  
  35  3:11  Stalker  
  38  3:13  Probe (Chrono Boost)  
  38  3:15  Probe (Chrono Boost)  
  40  3:20  Probe (Chrono Boost)  
  40  3:21  Probe (Chrono Boost)  
  40  3:23  Shield Battery  
  40  3:25  Observer  
  42  3:32  Pylon  
  42  3:33  Probe (Chrono Boost)  
  44  3:35  Probe (Chrono Boost)  
  44  3:42  Probe (Chrono Boost)  
  44  3:45  Probe  
  45  3:48  Immortal (Chrono Boost)  
  45  3:52  Pylon  
  45  3:54  Probe  
  50  3:57  Probe  
  50  3:58  Assimilator  
  50  4:00  Assimilator  
  51  4:03  Pylon  
  51  4:05  Stalker  
  51  4:06  Probe  
  54  4:11  Stalker  
  54  4:12  Probe  
  57  4:20  Immortal  
  61  4:25  Probe  
  61  4:26  Probe  
  61  4:28  Pylon  
  63  4:31  Stalker  
  63  4:37  Probe  
  66  4:40  Pylon  
  66  4:41  Stalker  
  66  4:44  Probe  
  69  4:49  Probe  
  70  4:54  Observer, Twilight Council  
  70  4:56  Forge  
  70  5:00  Warp Prism (Chrono Boost)  
  70  5:07  Pylon  
  72  5:20  Nexus  
  72  5:21  Protoss Ground Weapons Level 1  
  72  5:23  Pylon  
  72  5:29  Charge (Chrono Boost)  
  72  5:31  Observer  
  73  5:39  Gateway  
  73  5:42  Templar Archives  
  73  5:48  Gateway  
  73  5:50  Gateway  
  73  5:52  Observer  
  74  5:57  Gateway  
  74  5:59  Gateway  
  74  6:12  Shield Battery  
  74  6:17  Stalker  
  74  6:18  Stalker  
  67  6:21  Probe  
  63  6:31  Probe (Chrono Boost)  
  64  6:33  Probe (Chrono Boost)  
  64  6:35  Immortal  
  69  6:43  Probe (Chrono Boost)  
  69  6:46  Probe (Chrono Boost)  
  69  6:47  Zealot x3  
  73  6:52  Probe (Chrono Boost)  
  73  6:53  Probe (Chrono Boost)  
  76  6:58  Probe  
  76  7:00  Pylon  
  66  7:03  Pylon  
  66  7:05  Zealot x3  
  66  7:09  Zealot  
  66  7:11  Zealot, Psionic Storm  
  66  7:14  Probe x2  
  68  7:23  Pylon  
  68  7:26  Probe x2  
  70  7:30  Sentry  
  70  7:33  High Templar  
  70  7:34  High Templar  
  76  7:38  High Templar, Probe  
  76  7:41  High Templar  
  76  7:42  Probe  
  76  7:48  High Templar  
  78  7:57  High Templar  
  80  7:58  Shield Battery  
  80  7:59  Probe x2  
  80  8:00  Pylon  
  82  8:06  Zealot x3  
  86  8:14  Zealot  
  83  8:28  Zealot x4  
  73  8:34  Zealot  
  73  8:35  Zealot  
  68  8:41  Zealot  
  68  8:48  Probe x2  
  72  9:03  Archon  
  72  9:04  Zealot  
Show
View Real Time Build Order
Export as new Build Order

Bunny Terran - Winner!

Build Orders: Reaper Expand 

Get SALT Encoding   

  12  0:00  SCV  
  13  0:12  SCV  
  14  0:17  Supply Depot  
  14  0:24  SCV  
  15  0:38  SCV  
  15  0:40  Barracks  
  15  0:42  Refinery  
  16  0:50  SCV  
  17  1:02  SCV  
  18  1:15  SCV  
  19  1:27  Orbital Command, Reaper  
  20  1:38  Command Center  
  20  1:47  Supply Depot  
  20  1:52  SCV  
  21  1:59  Marine  
  22  2:04  SCV  
  22  2:07  Factory  
  23  2:16  SCV, Refinery  
  23  2:19  Barracks Reactor  
  24  2:28  Bunker, SCV  
  25  2:40  SCV  
  26  2:51  Orbital Command  
  26  2:52  SCV  
  26  2:53  Hellion  
  26  2:55  Marine, Starport  
  26  2:58  Marine  
  30  3:05  SCV  
  32  3:13  Marine  
  32  3:14  Widow Mine  
  32  3:16  Marine  
  32  3:17  SCV x2  
  38  3:22  Supply Depot  
  38  3:29  SCV x2  
  38  3:31  Marine  
  38  3:33  Medivac  
  38  3:34  Marine  
  43  3:36  Widow Mine  
  46  3:45  SCV  
  46  3:46  SCV  
  45  3:52  Marine x2  
  45  3:55  Barracks  
  47  3:58  SCV x2  
  47  3:59  Supply Depot  
  47  4:00  Barracks  
  49  4:05  Starport Tech Lab, Factory Tech Lab  
  49  4:10  Marine x2  
  49  4:11  SCV  
  49  4:12  SCV  
  49  4:14  Engineering Bay  
  53  4:23  SCV  
  53  4:24  SCV  
  55  4:28  Marine x2  
  57  4:32  Supply Depot  
  57  4:35  Starport Reactor, Factory Reactor  
  57  4:36  SCV x2  
  57  4:38  Refinery  
  59  4:39  Terran Infantry Weapons Level 1  
  59  4:40  Supply Depot  
  59  4:48  SCV x2  
  59  4:49  Stimpack  
  61  4:56  Supply Depot  
  61  4:57  Combat Shield  
  61  4:59  Marauder x2  
  65  5:01  Marine x2  
  65  5:04  SCV x2  
  68  5:11  Refinery  
  68  5:16  Supply Depot  
  68  5:17  Medivac  
  68  5:19  Marine  
  68  5:20  Medivac, Marine  
  74  5:23  Supply Depot, SCV x2  
  74  5:25  Marauder  
  74  5:28  Marauder  
  80  5:31  Widow Mine  
  80  5:32  Widow Mine  
  84  5:37  SCV x2  
  84  5:38  Marine x2  
  84  5:40  Supply Depot  
  88  5:47  Medivac  
  90  5:53  Medivac  
  90  5:54  Marauder  
  90  5:56  Marauder  
  96  6:01  Marine x2, Supply Depot  
  97  6:05  Widow Mine x2  
  99  6:16  Marauder  
  99  6:17  Marauder  
  98  6:19  Medivac, Marine x2  
  98  6:21  Concussive Shells, SCV x2  
  103  6:35  Command Center  
  103  6:42  Barracks Tech Lab  
  103  6:43  Barracks  
  103  6:46  Barracks, Marauder  
  105  6:49  Marine x2  
  105  6:51  Widow Mine x2  
  105  6:57  SCV x2  
  106  7:02  Terran Infantry Armor Level 1  
  106  7:04  Marauder  
  106  7:07  Marauder  
  107  7:13  Viking  
  105  7:16  Medivac  
  105  7:19  Marine x2  
  105  7:21  SCV x2  
  111  7:24  Widow Mine  
  111  7:26  Marauder  
  111  7:28  Supply Depot  
  111  7:29  Marauder  
  117  7:30  Supply Depot  
  117  7:33  Missile Turret  
  117  7:34  Missile Turret  
  117  7:35  Barracks Reactor, Barracks Tech Lab  
  117  7:44  Marine  
  117  7:47  Marauder, Widow Mine  
  117  7:48  Widow Mine  
  117  7:49  Medivac  
  117  7:50  Marauder  
  128  7:53  Medivac  
  128  7:57  Marauder  
  128  7:58  SCV x2  
  134  8:08  Marauder, Widow Mine  
  134  8:09  Marine  
  134  8:10  Marine, Widow Mine  
  140  8:14  SCV x2  
  138  8:28  Marauder x2  
  138  8:29  Widow Mine  
  138  8:30  Marauder  
  138  8:31  Widow Mine  
  138  8:32  Marine x3  
  136  8:40  Marine  
  130  8:42  SCV  
  130  8:43  SCV  
  129  8:55  Ghost Academy  

Tags
 
Add a new tag
Caveats
  • Supply blocks, unpowered buildings, or Contaminate may cause inaccurate times.
  • Supply counts are checked every 10 seconds.